 Dungeon Crawl Stone Soup version 0.30-a0-702-gdf48620a09 (webtiles) character file.

Game seed: 4278744860165345933

480 OTABOTABOTAB the Cutter (level 7, -5/37 HPs)
             Began as a Vine Stalker Fighter on Jan 21, 2023.
             Killed from afar by a gnoll (9 damage)
             ... with a bolt of acid
             ... on level 5 of the Dungeon.
             The game lasted 00:06:31 (3503 turns).

OTABOTABOTAB the Cutter (Vine Stalker Fighter)      Turns: 3503, Time: 00:06:32

Health: -5/37      AC:  5    Str: 21    XL:     7   Next: 12%
Magic:  0/8        EV:  7    Int:  8    God:
Gold:   162        SH:  5    Dex: 13    Spells: 6/6 levels left

rFire   . . .      SeeInvis .    d - +3 short sword
rCold   . . .      Faith    .    c - +0 buckler
rNeg    . . .      Spirit   +    g - +0 chain mail
rPois   +          Reflect  .    h - +0 helmet
rElec   .          Harm     .    i - +2 cloak
rCorr   .          Rampage  .    (no gloves)
Will    .....                    (no boots) Stlth
                                 j - amulet of regeneration
HPRegen 1.86/turn                P - ring of poison resistance {rPois, !d}
MPRegen 0.11/turn                (no ring)

@: corroded, studying Short Blades, invisible
A: fangs 2, regeneration 1, magic shield, antimagic bite, no potion heal 2
a: no special abilities


You were on level 5 of the Dungeon.
You visited 1 branch of the dungeon, and saw 5 of its levels.

You collected 162 gold pieces.

Inventory:

Hand Weapons
 a - a +0 rapier of protection
 d - a +3 short sword (weapon)
   (You took it off a kobold on level 3 of the Dungeon)
Armour
 c - a +0 buckler (worn)
 g - a +0 chain mail (worn)
   (You found it on level 2 of the Dungeon)
 h - a +0 helmet (worn)
   (You took it off Robin on level 3 of the Dungeon)
 i - a +2 cloak (worn)
   (You found it on level 4 of the Dungeon)
Magical Staves
 e - a staff of conjuration
   (You found it on level 5 of the Dungeon)
Jewellery
 j - an amulet of regeneration (around neck)
   (You found it on level 4 of the Dungeon)
 P - a ring of poison resistance (left hand) {rPois, !d}
   (You found it on level 4 of the Dungeon)
Scrolls
 f - 2 scrolls of enchant armour
 X - a scroll of magic mapping {@r4!r}
Potions
 b - a potion of magic {unknown}
 B - 4 potions of brilliance
 M - a potion of might
 U - 3 potions of mutation {!q}


   Skills:
 + Level 3.9 Fighting
 * Level 5.7 Short Blades
 + Level 3.6 Armour
 + Level 4.0 Shields


You had 6 spell levels left.
You didn't know any spells.
Your spell library contained the following spells:

 Spells                   Type           Power      Damage    Failure   Level
 Shock                    Conj/Air       0%         1d3       99%         1
 Gell's Gravitas          Tloc           0%         N/A       100%        3
 Swiftness                Air            0%         N/A       100%        3
 Teleport Other           Tloc           0%         N/A       100%        3
 Airstrike                Air            0%         2d(0-16)  100%        4
 Dispersal                Tloc           0%         N/A       100%        6


Dungeon Overview and Level Annotations

Branches:
Dungeon (5/15)
 Temple: D:4-7

Altars:

Shops:
D:3 (   D:4 :

Annotations:
D:5 Prince Ribbit


Innate Abilities, Weirdness & Mutations

You have extremely sharp teeth.
Your natural rate of healing is unusually fast.
When hurt, damage is shared between your health and your magic reserves.
Your bite disrupts and absorbs the magic of your enemies.
Potions cannot restore your health.


Message History

Health restored: 33; MP restored: 7 An ice beast is nearby!
The ice beast hits you. The ice beast freezes you!
You take 10 damage, and have 23/33 hp.
MASSIVE DAMAGE!!
You now have 4/7 mp.
You hit the ice beast. Your bite misses the ice beast.
You barely miss the ice beast.
You bite the ice beast, but do no damage.
The ice beast closely misses you.
You closely miss the ice beast. Your bite misses the ice beast.
The ice beast completely misses you.
You regained 2 hp, and now have 27/33 hp.
Unknown command.
You completely miss the ice beast. The ice beast closely misses you.
You hit the ice beast. You block the ice beast's attack.
You regained 2 hp, and now have 30/33 hp.
You closely miss the ice beast.
You bite the ice beast, but do no damage.
You hit the ice beast. The ice beast barely misses you.
Unknown command.
You hit the ice beast. You bite the ice beast. You drain its power.
You feel invigorated.
The ice beast hits you but does no damage.
Health restored: 33 You regained 2 mp, and now have 6/7 mp.
You hit the ice beast. Your bite misses the ice beast.
You block the ice beast's attack.
You hit the ice beast but do no damage. You bite the ice beast.
You drain its power.
You feel invigorated.
The ice beast hits you but does no damage.
MP restored: 7 You hit the ice beast.
Your bite misses the ice beast. You closely miss the ice beast.
You bite the ice beast. You drain its power.
The ice beast completely misses you.
Unknown command.
You hit the ice beast. Your bite misses the ice beast.
You block the ice beast's attack.
You hit the ice beast but do no damage. You bite the ice beast.
You kill the ice beast!
Your Shields skill increases to level 4!
You have reached level 7!
Health restored: 37; MP restored: 8 You pick up a book of Air and begin reading...
You add the spells Shock, Swiftness and Airstrike to your library.
You now have 162 gold pieces (gained 5).
Prince Ribbit comes into view.
You block Prince Ribbit's attack. Prince Ribbit barely misses you.
You hit Prince Ribbit. Your bite misses Prince Ribbit. Prince Ribbit hits you.
You take 4 damage, and have 33/37 hp.
You hit Prince Ribbit. Your bite misses Prince Ribbit.
Prince Ribbit hits you but does no damage.
You puncture Prince Ribbit!
Prince Ribbit hits you but does no damage.
You regained 2 hp, and now have 36/37 hp.
Unknown command.
You closely miss Prince Ribbit. Your bite misses Prince Ribbit.
Prince Ribbit hits you!
You take 5 damage, and have 31/37 hp.
You now have 7/8 mp.
You puncture Prince Ribbit! Prince Ribbit barely misses you.
You regained 2 hp, and now have 33/37 hp.
You hit Prince Ribbit. Your bite misses Prince Ribbit.
Prince Ribbit blinks!
A gnoll comes into view.
It is wielding a +0 spear and carrying a wand of acid (9).
The gnoll shouts!
Prince Ribbit hits you!
Prince Ribbit blinks!
You take 4 damage, and have 30/37 hp.
Unknown command.
You regained 2 hp, and now have 32/37 hp.
You closely miss Prince Ribbit. Your bite misses Prince Ribbit.
Prince Ribbit croaks regally.
Prince Ribbit hits you.
You take 4 damage, and have 28/37 hp.
You now have 6/8 mp.
You miss Prince Ribbit. You block Prince Ribbit's attack.
You regained 2 hp, and now have 30/37 hp.
You puncture Prince Ribbit! Your bite misses Prince Ribbit.
Prince Ribbit blinks!
The gnoll zaps a wand.
The bolt of acid hits you! The acid corrodes you!
Prince Ribbit blinks!
You take 6 damage, and have 25/37 hp.
You now have 4/8 mp.
A gnoll comes into view. It is wielding a +0 flail.
The gnoll shouts!
The gnoll zaps a wand.
The bolt of acid hits you!
You take 12 damage, and have 13/37 hp.
MASSIVE DAMAGE!!
You now have 1/8 mp.
A quokka comes into view.
You regained 2 hp, and now have 15/37 hp.
The gnoll zaps a wand.
The bolt of acid hits you!
* * * LOW HITPOINT WARNING * * *
The acid corrodes you!
Prince Ribbit blinks!
You take 12 damage, and have 3/37 hp.
MASSIVE DAMAGE!!
You now have 0/8 mp.
Okay, then.
You fade into invisibility!
The gnoll zaps a wand.
The bolt of acid hits you!
You die...

...### .# .##..### #.## .#
#####).## #..## .# ### .#
##..## #..#########.##...
.## ##..##
###................. ..#
#...###...................
..#
##........................
<.#
##.......................
#.#
##......@...............
.#
##.........ยง...........
#.....................
#...>...gg............
#.....................
#.....................
#.........r.F.........
#.....................
#....................


You could see Prince Ribbit (unable to see you), 2 gnolls and a quokka (unable
to see you).

Vanquished Creatures
  An ice beast (D:5)
  A scorpion (D:4)
  Blork the orc (D:5)
  A hound (D:4)
  A jelly (D:4)
  An iguana (D:4)
  Robin (D:3)
  8 adders
  A gnoll (D:5)
  4 dart slugs
  6 orcs
  2 bats
  7 endoplasms
  9 hobgoblins
  A quokka (D:3)
  8 ball pythons
  10 frilled lizards
  11 goblins
  7 kobolds
  4 rats
85 creatures vanquished.

Vanquished Creatures (others)
  8 plants (D:1)
8 creatures vanquished.

Grand Total: 93 creatures vanquished

Notes
Turn   | Place    | Note
-------+----------+-------------------------------------------
     0 | D:1      | OTABOTABOTAB the Vine Stalker Fighter began the quest for
                  | the Orb.
     0 | D:1      | Reached XP level 1. HP: 11/11 MP: 2/2
    64 | D:1      | Found a faded altar of an unknown god.
    96 | D:1      | Reached skill level 2 in Short Blades
   102 | D:1      | Reached XP level 2. HP: 16/16 MP: 3/3
   732 | D:2      | Reached XP level 3. HP: 19/19 MP: 4/4
   859 | D:2      | Reached skill level 3 in Shields
   926 | D:2      | Reached skill level 3 in Fighting
  1855 | D:3      | Gained mutation: Your natural rate of healing is unusually
                  | fast. [Vine Stalker growth]
  1855 | D:3      | Reached XP level 4. HP: 24/24 MP: 5/5
  1855 | D:3      | Found Cuesipti's Weapon Shoppe.
  2050 | D:3      | Identified a scroll of acquirement
  2058 | D:3      | Acquired a manual of Short Blades
  2124 | D:3      | Reached skill level 3 in Short Blades
  2200 | D:3      | Noticed Robin
  2223 | D:3      | Reached skill level 3 in Armour
  2231 | D:3      | Killed Robin
  2232 | D:3      | Reached XP level 5. HP: 28/28 MP: 6/6
  2569 | D:4      | Reached skill level 4 in Short Blades
  2627 | D:4      | Found Hidap's Book Shop.
  2942 | D:4      | Reached XP level 6. HP: 32/32 MP: 7/7
  3348 | D:5      | Entered Level 5 of the Dungeon
  3392 | D:5      | Noticed Blork the orc
  3411 | D:5      | Reached skill level 5 in Short Blades
  3425 | D:5      | Killed Blork the orc
  3445 | D:5      | Noticed an ice beast
  3464 | D:5      | Killed an ice beast
  3465 | D:5      | Reached skill level 4 in Shields
  3465 | D:5      | Reached XP level 7. HP: 37/37 MP: 8/8
  3477 | D:5      | Noticed Prince Ribbit
  3502 | D:5      | HP: 3/37 [gnoll/bolt of acid (14)]
  3503 | D:5      | Killed from afar by a gnoll

Illustrated notes

Levels and vault maps discovered:
D:1:      lemuel_arrival_hallway, layout_rooms,
          chequers_ecumenical_altar_simple, minmay_lizard_king
D:2:      layout_basic
D:3:      layout_loops_ring, serial_shops, shop, uniq_robin
D:4:      layout_basic, serial_shops, shop
D:5:      minmay_spotlight, layout_layer_cave, lemuel_doored_altar, minmay_bent,
          uniq_ijyb, uniq_blork_the_orc, uniq_prince_ribbit1

Skill      XL: |  1  2  3  4  5  6 |
---------------+-------------------+-----
Short Blades   | 2 3 4 5 |  5.7
Shields        | 3 4 |  4.0
Fighting       | 3 |  3.9
Armour         | 3 |  3.6

Action                   |  1- 3 |  4- 6 |  7- 9 || total
-------------------------+-------+-------+-------++-------
Melee: Rapier            |   102 |    10 |       ||   112
       Bite              |    15 |    44 |       ||    59
       Short sword       |       |   169 |     9 ||   178
Throw: Stone             |     3 |       |       ||     3
  Use: Scroll            |     9 |     5 |       ||    14
       Potion            |       |       |     1 ||     1
Armor: Scale mail        |    35 |       |       ||    35
       Chain mail        |    21 |    71 |     2 ||    94
Dodge: Dodged            |    47 |    35 |     2 ||    84
Block: Buckler           |    24 |    29 |     2 ||    55

Table legend: (Time is in decaauts)
 A = Elapsed time spent in this place.
 B = Non-inter-level travel time spent in this place.
 C = Inter-level travel time spent in this place.
 D = Time resting spent in this place.
 E = Time spent auto-exploring this place.
 F = Levels seen in this place.
 G = Mean time per level.
                   A        B        C        D        E       F      G
               +--------+--------+--------+--------+--------+-----+--------+
         Total |   3486 |   3354 |    132 |    100 |   2636 |   5 |  697.2 |
       Dungeon |   3486 |   3354 |    132 |    100 |   2636 |   5 |  697.2 |
               +--------+--------+--------+--------+--------+-----+--------+

Top non-repeatable levels by time:
     D:2: 1236 daAuts
     D:4: 791 daAuts
     D:3: 753 daAuts
     D:1: 559 daAuts
     D:5: 144 daAuts

Table legend:
 A = Kills in this place as a percentage of kills in entire the game.
 B = Kills by you in this place as a percentage of kills by you in the entire game.
 C = Kills by friends in this place as a percentage of kills by friends in the entire game.
 D = Other kills in this place as a percentage of other kills in the entire game.
 E = Experience gained in this place as a percentage of experience gained in the entire game.
 F = Experience gained in this place divided by the number of levels of this place that you have seen.
                   A       B       C       D       E      F
               +-------+-------+-------+-------+-------+----------------------
         Total | 100.0 | 100.0 |   N/A |   N/A | 100.0 | 137.4
       Dungeon | 100.0 | 100.0 |   N/A |   N/A | 100.0 | 137.4
               +-------+-------+-------+-------+-------+----------------------
